 Dungeon Crawl Stone Soup version 0.21.0-3-g78d12a8 (webtiles) character file.

34 letownia2 the Magician (level 3, 0/16 HPs)
             Began as a Vine Stalker Wizard on Jan 14, 2018.
             Slain by an orc
             ... wielding a +0 short sword
              (3 damage)
             ... on level 3 of the Dungeon.
             The game lasted 00:02:20 (1212 turns).

letownia2 the Magician (Vine Stalker Wizard)        Turns: 1212, Time: 00:02:21

Health: 0/16       AC:  2    Str: 10    XL:     3   Next: 31%
Magic:  0/8        EV: 12    Int: 18    God:
Gold:   10         SH:  0    Dex: 12    Spells: 1/8 levels left

rFire    . . .     SeeInvis .   e - +0 short sword (speed)
rCold    . . .     Gourm    .   (no shield)
rNeg     . . .     Faith    .   a - +0 robe
rPois    .         Spirit   +   b - +0 hat
rElec    .         Reflect  .   (no cloak)
rCorr    .         Harm     .   (no gloves)
MR       .....                  (no boots)
Stlth    ++........             (no amulet)
HPRegen  0.05/turn              (no ring)
MPRegen  0.11/turn              (no ring)

@: no status effects
A: fangs 2, magic shield, antimagic bite, no potion heal 3, rot immunity
a: no special abilities


You were on level 3 of the Dungeon.
You were hungry.

You visited 1 branch of the dungeon, and saw 4 of its levels.

You collected 10 gold pieces.

Inventory:

Hand Weapons
 e - a +0 short sword of speed (weapon)
Armour
 a - a +0 robe (worn)
 b - a +0 hat (worn)
Scrolls
 f - 2 scrolls of identify {unknown}
 g - a scroll of magic mapping {unknown}
Books
 c - a book of Minor Magic

   Spells                             Type                      Level
   a - Magic Dart                     Conjuration                  1
   b - Blink                          Translocation                2
   c - Call Imp                       Summoning                    2
   d - Slow                           Hexes                        2
   e - Conjure Flame                  Conjuration/Fire             3
   f - Mephitic Cloud                 Conjuration/Poison/Air       3
Comestibles
 d - 2 rations


   Skills:
 - Level 1.5 Dodging
 - Level 2.4 Stealth
 - Level 3.2 Spellcasting
 + Level 3.1 Conjurations
   Level 1.0 Summonings
   Level 1.0 Translocations


You had one spell level left.
You knew the following spells:

 Your Spells              Type           Power        Failure   Level  Hunger
a - Magic Dart            Conj           ##..         4%          1    None
c - Conjure Flame         Conj/Fire      #.......     26%         3    ###....
e - Mephitic Cloud        Conj/Pois/Air  #.......     30%         3    ###....


Dungeon Overview and Level Annotations

Branches:
Dungeon (4/15)
 Temple: D:4-7

Altars:


Innate Abilities, Weirdness & Mutations

You have extremely sharp teeth.
When hurt, damage is shared between your health and your magic reserves.
Your bite disrupts and absorbs the magic of your enemies.
Potions cannot restore your health.
You are immune to rotting.


Message History

The orc barely misses you.
You hit the orc but do no damage.
The orc is lightly wounded.
You hit the orc but do no damage. Your bite misses the orc.
The orc is lightly wounded.
The orc barely misses the orc.
You hit the orc.
The orc is heavily wounded.
You strike the helpless orc from behind!
You hit the orc.
You kill the orc!
Things that are here:
a whip; an orc skeleton You hit the orc but do no damage.
You hit the orc but do no damage. The orc hits you with a short sword.
You hit the orc but do no damage. The orc hits you with a short sword.
* * * LOW HITPOINT WARNING * * *
You hit the orc but do no damage. You bite the orc, but do no damage.
The orc hits you with a short sword.
You die...

#........#.# ###.#
#.###....#.# #.#.#
#........#.###
..#.#
#..#.#.......#
#.#.#
#..#.##....#.#
#.#.#
#..#.........#
#.#.#
#..####.#.####
#.#.# #..#......#
##.#.###.÷#.##.#@#
....÷........#)#o#
###########..#.#.#
####.#.# #o#)#
#.#.######
#.#...o..#
#.######.#
#....oo..#


You could see an orc.

Vanquished Creatures
  An adder (D:3)
  A leopard gecko (D:1)
  4 orcs
  A goblin (D:1)
  2 hobgoblins
  3 jackals (D:1)
  3 bats
  A frilled lizard (D:1)
  3 rats (D:1)
19 creatures vanquished.

Vanquished Creatures (others)
  An adder (D:3)
  A hobgoblin (D:3)
  A rat (D:3)
3 creatures vanquished.

Grand Total: 22 creatures vanquished

Notes
Turn   | Place    | Note
-------+----------+-------------------------------------------
     0 | D:1      | letownia2 the Vine Stalker Wizard began the quest for the Orb.
     0 | D:1      | Reached XP level 1. HP: 9/9 MP: 5/5
   402 | D:1      | Reached XP level 2. HP: 13/13 MP: 2/7
   881 | D:3      | Reached XP level 3. HP: 9/16 MP: 0/8
   953 | D:3      | Learned a level 3 spell: Mephitic Cloud
   957 | D:3      | Learned a level 3 spell: Conjure Flame
  1212 | D:3      | Slain by an orc

Skill      XL: |  1  2 |
---------------+-------+-----
Conjurations   | 2 3 |  3.1
Dodging        | |  1.5
Stealth        | |  2.4
Spellcasting   | |  3.2
Summonings     | |  1.0
Translocations | |  1.0

Action                   || total
-------------------------++-------
Melee: Unarmed           ||     9
       Short sword       ||    14
       Bite              ||     2
 Cast: Magic Dart        ||    46
       Mephitic Cloud    ||     2
 Stab: Confused          ||     2
Dodge: Dodged            ||    16
